 Dungeon Crawl Stone Soup version 0.29-a0-275-g389c0b56f3 (webtiles) character file.

Game seed: 11361772752024375091

2 Armakuni the Charlatan (level 1, -1/11 HPs)
             Began as a Deep Elf Wanderer on Mar 10, 2022.
             Slain by a jackal (2 damage)
             ... on level 1 of the Dungeon.
             The game lasted 00:01:22 (204 turns).

Armakuni the Charlatan (Deep Elf Wanderer)           Turns: 204, Time: 00:01:22

Health: -1/11      AC:  2    Str:  9    XL:     1   Next: 33%
Magic:  3/3        EV: 11    Int: 16    God:
Gold:   0          SH:  0    Dex: 14    Spells: 0/0 levels left

rFire   . . .      SeeInvis .   a - +0 dagger
rCold   . . .      Faith    .   (no shield)
rNeg    . . .      Spirit   .   g - +0 robe
rPois   .          Reflect  .   (no helmet)
rElec   .          Harm     .   (no cloak)
rCorr   .          Rampage  .   (no gloves)
Will    .....                   (no boots)
Stlth   ++........              (no amulet)
HPRegen 0.03/turn               (no ring)
MPRegen 0.08/turn               (no ring)

@: no status effects
A: no striking features
a: no special abilities


You were on level 1 of the Dungeon.
You visited 1 branch of the dungeon, and saw 1 of its levels.

Inventory:

Hand Weapons
 a - a +0 dagger (weapon)
Missiles
 b - an atropa-tipped dart (quivered)
 c - 2 datura-tipped darts
Armour
 g - a +0 robe (worn)
Potions
 d - a potion of attraction
Miscellaneous
 e - a piece from Xom's chessboard (7/15)


   Skills:
 + Level 0.5 Fighting
 - Level 3.6 Stealth
 - Level 1.5 Unarmed Combat
 - Level 5.4 Evocations


You couldn't memorise any spells.
You didn't know any spells.
Your spell library was empty.

Dungeon Overview and Level Annotations

Branches:
Dungeon (1/15)

Altars:


Message History

The felid hisses angrily.
The jackal barely misses your rat. x2; Your rat barely misses the jackal.
The jackal bites your rat.
Your rat dies!
Your rat's corpse dissolves into shadows!
The kobold shouts!
You make a move on Xom's chessboard...
The jackal is moving more slowly.
The minotaur bellows!
There is an open door here.
Things that are here:
2 datura-tipped darts; 2 atropa-tipped darts
b - 2 atropa-tipped darts;
c - 2 datura-tipped darts The jackal stops moving altogether!
The jackal seems to return to its normal shape.
The naga shouts!
There is an open door here.
The helpless jackal fails to defend itself.
You puncture the jackal!
You kill the jackal!
Throw: 2 darts (atropa)
Press: ? - help, Q - select action, (/) - cycle Shift-Dir - straight line, f - jackal
Aim: a jackal (50% to hit, chance to blind on hit: 100%)
You throw an atropa-tipped dart.
The atropa-tipped dart closely misses the jackal.
The atropa-tipped dart hits the jackal.
The jackal appears confused.
The jackal barely misses you.
The jackal barely misses the jackal.
The jackal bites you.
* * * LOW HITPOINT WARNING * * *
Throw: dart (atropa)
Press: ? - help, Q - select action, (/) - cycle Shift-Dir - straight line, f/p - jackal
Aim: a jackal (50% to hit, chance to blind on hit: 100%)
You throw an atropa-tipped dart. The atropa-tipped dart hits the jackal.
The jackal appears confused.
The jackal seems less confused.
You hit the jackal but do no damage.
The jackal seems less confused.
The jackal barely misses you. x2
You see here an atropa-tipped dart.
b - an atropa-tipped dart The jackal is no longer blind.
The jackal bites you.
You die...

###################
#i#B#e#h#9#6#Q#V#N####
###################..#
.h..h........hhh@.'.<#
###################..#
#T#f#d#O#.#K#.#M#H####
###################


You could see a minotaur, a vampire, a naga, a mummy and 3 jackals.

Vanquished Creatures
  A jackal (D:1)
  A kobold (D:1)
2 creatures vanquished.

Notes
Turn   | Place    | Note
-------+----------+-------------------------------------------
     0 | D:1      | Armakuni the Deep Elf Wanderer began the quest for the Orb.
     0 | D:1      | Armakuni set off with the following items: a +0 dagger, 2
                  | atropa-tipped darts, 2 datura-tipped darts, a potion of
                  | attraction, a piece from Xom's chessboard (15/15), a scroll
                  | of summoning, a +0 robe
     0 | D:1      | Reached XP level 1. HP: 10/10 MP: 3/3
     5 | D:1      | Noticed a naga
     5 | D:1      | Noticed a minotaur
     7 | D:1      | Noticed a vampire
     9 | D:1      | Noticed a tengu
    11 | D:1      | Noticed a demonspawn
    13 | D:1      | Noticed a gargoyle
    15 | D:1      | Noticed a felid
    15 | D:1      | Noticed an ogre
    17 | D:1      | Noticed an elf
    17 | D:1      | Noticed a draconian
    19 | D:1      | Noticed a formicid
    19 | D:1      | Noticed a vine stalker
    21 | D:1      | Noticed a spriggan
    21 | D:1      | Noticed a troll
    23 | D:1      | Noticed a ghoul
    23 | D:1      | Noticed a dwarf
    25 | D:1      | Noticed a human
    25 | D:1      | Noticed an octopode
    27 | D:1      | Noticed a merfolk
    29 | D:1      | Noticed a demigod
   204 | D:1      | Slain by a jackal

Illustrated notes

Levels and vault maps discovered:
D:1:      kb_arrival_jail, layout_rooms,
          dreamdust_ecumenical_altar_angels_and_demons

Action                   || total
-------------------------++-------
Melee: Dagger            ||     3
Throw: Dart              ||     2
Evoke: Piece from Xom's  ||     8
  Use: Scroll            ||     1
 Stab: Petrified         ||     1
       Sleeping          ||     1
Armor: Robe              ||     5
Dodge: Dodged            ||    10

Table legend: (Time is in decaauts)
 A = Elapsed time spent in this place.
 B = Non-inter-level travel time spent in this place.
 C = Inter-level travel time spent in this place.
 D = Time resting spent in this place.
 E = Time spent auto-exploring this place.
 F = Levels seen in this place.
 G = Mean time per level.
                   A        B        C        D        E       F      G
               +--------+--------+--------+--------+--------+-----+--------+
         Total |    204 |    204 |      0 |    102 |     30 |   1 |  204.0 |
       Dungeon |    204 |    204 |      0 |    102 |     30 |   1 |  204.0 |
               +--------+--------+--------+--------+--------+-----+--------+

Top non-repeatable levels by time:
     D:1: 204 daAuts
